 Dungeon Crawl Stone Soup version 0.16-a0-3623-gda98d6b (webtiles) character file.

320 Minkie the Conjurer (level 6, -3/32 HPs)
             Began as a Tengu Conjurer on Jan 13, 2015.
             Was an Initiate of Vehumet.
             Slain by a scorpion (4 damage)
             ... on level 5 of the Dungeon.
             The game lasted 00:23:44 (4482 turns).

Minkie the Conjurer (Tengu Conjurer)                Turns: 4482, Time: 00:23:44

Health: -3/32      AC:  3    Str:  8    XL:     6   Next: 46%
Magic:  11/17      EV: 11    Int: 18    God:    Vehumet [......]
Gold:   246        SH:  3    Dex: 14    Spells: 2 memorised, 7 levels left

rFire  . . .     SeeInvis .     y - +2 trident (venom)
rCold  . . .     Clarity  +     a - +1 robe
rNeg   + . .     SustAb   .     o - +0 buckler
rPois  .         Gourm    .     (helmet restricted)
rElec  .         Spirit   .     (no cloak)
rCorr  .         Warding  .     (no gloves)
rMut   .         Stasis   .     (boots unavailable)
MR     .....                    f - amulet of clarity
Stlth  ++........               n - ring of positive energy
                                k - ring of wizardry

@: lethally poisoned, constricted, not resistant to hostile enchantments,
unstealthy
A: able to fly, beak, talons 3
a: Fly, Renounce Religion


You were on level 5 of the Dungeon.
You worshipped Vehumet.
Vehumet was noncommittal.
You were not hungry.

You visited 1 branch of the dungeon, and saw 5 of its levels.

You collected 246 gold pieces.

Inventory:

Hand weapons
 y - a +2 trident of venom (weapon)
Armour
 a - a +1 robe (worn)
 o - a +0 buckler (worn)
Jewellery
 f - an amulet of clarity (around neck)
 k - a ring of wizardry (left hand)
 m - an uncursed ring of ice
 n - a ring of positive energy (right hand)
 r - a +2 ring of dexterity
Magical devices
 z - a wand of disintegration (10)
 D - a wand of fireball (2)
 E - a wand of slowing (28)
Scrolls
 g - 3 scrolls of identify
 h - a scroll of teleportation
 l - 3 scrolls of recharging {unknown}
 s - a scroll of random uselessness {unknown}
 t - a scroll of enchant weapon {unknown}
 v - 2 scrolls of magic mapping {unknown}
 x - a scroll of noise {unknown}
 A - 2 scrolls of immolation
 B - a scroll of remove curse
 C - a scroll of blinking
Potions
 e - a potion of ambrosia
 j - a potion of might
 q - a potion of agility
Books
 c - a book of Conjurations

   Spells                             Type                      Level
   a - Magic Dart                     Conjuration                  1
   b - Searing Ray                    Conjuration                  2
   c - Dazzling Spray                 Conjuration/Hexes            3
   d - Fulminant Prism                Conjuration/Hexes            4
   e - Iskenderun's Mystic Blast      Conjuration                  4
   f - Iskenderun's Battlesphere      Conjuration/Charms           5
 G - a Necronomicon {highlevel, unknown}

   This book is beyond your current level of understanding.

   Spells                             Type                      Level
   a - Haunt                          Necromancy/Summoning         7
   b - Borgnjor's Revivification      Necromancy                   8
   c - Death's Door                   Charms/Necromancy            8
   d - Necromutation                  Transmutation/Necromancy     8
Comestibles
 b - 3 bread rations
 d - 6 meat rations
 i - 8 fruits
 p - 2 slices of pizza
 w - a beef jerky
 F - 2 chunks of flesh


   Skills:
 - Level 2.1 Dodging
 - Level 2.0 Stealth
 + Level 4.3 Spellcasting
 + Level 7.5 Conjurations
 + Level 1.6 Charms


You had 7 spell levels left.
You knew the following spells:

 Your Spells              Type           Power        Failure   Level  Hunger
a - Magic Dart            Conj           ####         1%          1    None
b - Iskenderun's Battles  Conj/Chrm      ###.....     43%         5    ######.


Dungeon Overview and Level Annotations

Branches:
Dungeon (5/15)
 Temple: D:4-7

Altars:
Cheibriados
Fedhas
Nemelex Xobeh
Qazlal
Ru
Vehumet
Yredelemnul

Annotations:
D:4 binmo's ghost, average DrBe


Innate Abilities, Weirdness & Mutations

You can fly.
You have a beak for a mouth.
You have claws for feet.


Message History

Casting: Magic Dart
Confirm with . or Enter, or press ? or * to list all spells.
Aiming: Magic Dart
Press: ? - help, Shift-Dir - straight line, f/p - scorpion
Aim: a scorpion (heavily wounded)
The magic dart hits the scorpion.
The scorpion is heavily wounded.
The ball python bites you but does no damage.
The ball python constricts you. The scorpion stings you!
* * * LOW HITPOINT WARNING * * *
You block the ball python's attack.
* * * LOW HITPOINT WARNING * * *
The ball python constricts you. The goblin hits you but does no damage.
Drink which item? (? for menu, Esc to quit)
It was a potion of poison.
That liquid tasted very nasty...
You are more poisoned.
* * * LOW HITPOINT WARNING * * *
You feel sick. The ball python barely misses you.
The ball python constricts you. The scorpion stings you.
You die...

##+#####
#......#
#......#
+....s@#
#....Sg#
#......#
#......#
........#
.......#
......#
.....#
###


You could see a scorpion, a goblin and a ball python.

Vanquished Creatures
  An orc priest (D:3)
  2 orc wizards (D:3)
  A worker ant (D:4)
  8 adders
  2 worms (D:3)
  An ooze (D:1)
  21 orcs
  7 ball pythons
  7 giant cockroaches
  10 hobgoblins
  11 bats
  2 giant geckos
  4 giant newts
  15 goblins
  9 kobolds
  13 rats
114 creatures vanquished.

Notes
Turn   | Place    | Note
--------------------------------------------------------------
     0 | D:1      | Minkie, the Tengu Conjurer, began the quest for the Orb.
     0 | D:1      | Reached XP level 1. HP: 10/10 MP: 3/3
   245 | D:1      | Reached XP level 2. HP: 15/15 MP: 0/5
   494 | D:1      | Found a sparkling altar of Nemelex Xobeh.
   840 | D:1      | Reached XP level 3. HP: 19/19 MP: 4/7
  1053 | D:2      | Reached skill level 6 in Conjurations
  1109 | D:2      | Found a stormy altar of Qazlal.
  1272 | D:2      | Found a blossoming altar of Fedhas.
  1282 | D:2      | Found a sacrificial altar of Ru.
  1656 | D:2      | Reached XP level 4. HP: 24/24 MP: 7/10
  1890 | D:2      | Found a snail-covered altar of Cheibriados.
  2655 | D:3      | Reached XP level 5. HP: 28/28 MP: 8/13
  2721 | D:3      | Learned a level 5 spell: Iskenderun's Battlesphere
  2749 | D:3      | Reached skill level 7 in Conjurations
  3629 | D:3      | Reached skill level 1 in Charms
  3629 | D:3      | Reached XP level 6. HP: 32/32 MP: 7/17
  4402 | D:4      | Found a basalt altar of Yredelemnul.
  4402 | D:4      | Found a radiant altar of Vehumet.
  4406 | D:4      | Became a worshipper of Vehumet
  4412 | D:4      | Noticed binmo's ghost (average DrBe)
  4473 | D:5      | Entered Level 5 of the Dungeon
  4482 | D:5      | HP: 1/32 [poison (a potion of poison)]
  4482 | D:5      | Slain by a scorpion

Action                   |  1- 3 |  4- 6 || total
-------------------------+-------+-------++-------
Melee: Club              |    16 |       ||    16
       Rapier            |       |     6 ||     6
       Trident           |       |     1 ||     1
 Cast: Magic Dart        |    70 |   183 ||   253
  Use: Scroll            |     9 |       ||     9
       Potion            |       |     1 ||     1
 Stab: Sleeping          |       |     1 ||     1
  Eat: Chunk             |     3 |     8 ||    11
